 Dungeon Crawl Stone Soup version 0.27.1 (webtiles) character file.

Game seed: 18417948920363142941

99 MacCMillion the Poker (level 4, -1/35 HPs)
             Began as a Merfolk Gladiator on Aug 22, 2021.
             Succumbed to a scorpion's poison
             ... on level 4 of the Dungeon.
             The game lasted 00:03:23 (2531 turns).

MacCMillion the Poker (Merfolk Gladiator)           Turns: 2531, Time: 00:03:23

Health: -1/35      AC:  7    Str: 12 (15) XL:     4   Next: 72%
Magic:  4/4        EV: 10    Int:  5 (7)  God:
Gold:   131        SH:  0    Dex: 12 (15) Spells: 3/3 levels left

rFire    + . .     SeeInvis .   a - +0 trident
rCold    + . .     Faith    .   (no shield)
rNeg     . . .     Spirit   .   m - +0 scale mail
rPois    +         Reflect  .   o - +1 hat
rElec    +         Harm     .   (no cloak)
rCorr    +         Rampage  .   (no gloves)
Will     .....                  (no boots)
Stlth    ..........             (no amulet)
HPRegen  0.11/turn              (no ring)
MPRegen  0.09/turn              (no ring)

@: lethally poisoned (-1 -> -13), resistant, invisible
A: (nimble swimmer 2), mertail
a: no special abilities


You were on level 4 of the Dungeon.
You visited 1 branch of the dungeon, and saw 4 of its levels.

You collected 131 gold pieces.

Inventory:

Hand Weapons
 a - a +0 trident (weapon)
 n - a +1 dagger of draining
Missiles
 d - 3 throwing nets (quivered)
Armour
 c - a +0 helmet
 m - a +0 scale mail (worn)
 o - a +1 hat (worn)
Jewellery
 p - an amulet of the acrobat
Scrolls
 f - a scroll of enchant weapon {unknown}
 g - a scroll of amnesia {unknown}
 j - a scroll of fear {unknown}
Potions
 e - 2 potions of degeneration
 i - 2 potions of curing {unknown}
 k - a potion of haste {unknown}
 l - a potion of might {unknown}


   Skills:
 + Level 3.1 Fighting
 * Level 6.3 Polearms
 - Level 2.0 Throwing
 + Level 4.9 Dodging


You had 3 spell levels left.
You didn't know any spells.
Your spell library was empty.

Dungeon Overview and Level Annotations

Branches:
Dungeon (4/15)             Temple (0/1) D:4

Altars:


Innate Abilities, Weirdness & Mutations

((You are quick and stealthy near water. (Stealth+, EV+, Speed+++)))
Your lower body shifts to a powerful aquatic tail in water.


Message History

The kobold shouts!
There are monsters nearby!
There are monsters nearby!
The scorpion stings you.
You hit the scorpion but do no damage. The scorpion barely misses you.
You closely miss the scorpion. The scorpion barely misses you.
You hit the scorpion.
The scorpion is lightly wounded.
The scorpion stings you.
You hit the scorpion but do no damage.
The scorpion is lightly wounded.
The scorpion barely misses you.
You barely miss the scorpion.
The scorpion is lightly wounded.
The scorpion stings you but does no damage.
The kobold hits you but does no damage. The scorpion stings you.
Your scale mail prevents you from hitting the scorpion.
The scorpion is lightly wounded.
The kobold closely misses you. The scorpion stings you.
You are too injured to fight recklessly!
The kobold barely misses you. The scorpion stings you.
You are poisoned.
The scorpion poisons you!
Okay, then.
It was a potion of degeneration.
There was something very wrong with that liquid.
You feel weakened.
You feel dopey.
You feel clumsy.
You feel sick. The scorpion stings you.
You are lethally poisoned!
The scorpion poisons you!
It was a potion of resistance.
You feel protected.
* * * LOW HITPOINT WARNING * * *
You feel very sick. The scorpion stings you!
* * * LOW HITPOINT WARNING * * *
It was a potion of invisibility.
You fade into invisibility!
You die...

#.... ....
....#####.>.#####..#
#......#.....#.....##
#.....#...#...#.(...# #.
#........###........# ##.
#.......#.#.#........ ...
...#.....#.........# ..####
##.#.....#s........#
.....###........@K.........
......##...##..............
...........##..........###.
......#....##...########
...##.#.........#
......#.#.......#
....#.#.#.......#
.<....#.........#
........##[..####


You could see a scorpion and a kobold.

Vanquished Creatures
  3 adders
  2 worms (D:2)
  4 dart slugs
  An orc (D:3)
  4 ball pythons
  7 endoplasms
  3 giant cockroaches
  8 goblins
  4 hobgoblins
  3 quokkas
  3 bats (D:2)
  3 frilled lizards
  4 kobolds
  4 rats
53 creatures vanquished.

Notes
Turn   | Place    | Note
-------+----------+-------------------------------------------
     0 | D:1      | MacCMillion the Merfolk Gladiator began the quest for the
                  | Orb.
     0 | D:1      | Reached XP level 1. HP: 16/16 MP: 1/1
   278 | D:1      | Reached XP level 2. HP: 23/23 MP: 2/2
   524 | D:1      | Reached skill level 5 in Polearms
  1167 | D:2      | Reached XP level 3. HP: 28/28 MP: 3/3
  1815 | D:2      | Reached XP level 4. HP: 33/34 MP: 4/4
  1880 | D:3      | Reached skill level 6 in Polearms
  2507 | D:4      | Found a staircase to the Ecumenical Temple.
  2517 | D:4      | Noticed a scorpion
  2531 | D:4      | Succumbed to a scorpion's poison

Illustrated notes

Levels and vault maps discovered:
D:1:      psy_arrival_dodecagon, layout_loops_cross, bh_walls_and_bars
D:2:      layout_basic, nrook_campfire
D:3:      layout_rooms
D:4:      layout_basic, minmay_temple_entry_arrows, minmay_fire_ice_demons

Skill      XL: |  1  2  3  4 |
---------------+-------------+-----
Polearms       | 5 6 |  6.3
Fighting       | 3 |  3.1
Throwing       | |  2.0
Dodging        | |  4.9

Action                   |  1- 3 |  4- 6 || total
-------------------------+-------+-------++-------
Melee: Trident           |   107 |    61 ||   168
  Use: Potion            |       |     3 ||     3
 Stab: Sleeping          |     1 |       ||     1
Armor: Leather armour    |     5 |       ||     5
       Ring mail         |    18 |    10 ||    28
       Scale mail        |       |     9 ||     9
Dodge: Dodged            |    34 |    25 ||    59
